 Dungeon Crawl Stone Soup version 0.29.1-12-g30fa7ad0bf (webtiles) character file.

Game seed: 7940091971785833162

4733 Peloso the Carver (level 10, -4/88 HPs)
             Began as a Minotaur Fighter on Dec 29, 2022.
             Was a Priest of Okawaru.
             Slain by an acid dragon (11 damage)
             ... on level 9 of the Dungeon.
             The game lasted 00:14:27 (7807 turns).

Peloso the Carver (Minotaur Fighter)                Turns: 7807, Time: 00:14:28

Health: -4/88      AC: 17    Str: 22    XL:     10   Next: 22%
Magic:  6/9        EV: 11    Int:  5    God:    Okawaru [***...]
Gold:   345        SH:  7    Dex: 13    Spells: 9/9 levels left

rFire   . . .      SeeInvis .   a - +0 long sword
rCold   . . .      Faith    .   c - +0 buckler
rNeg    . . .      Spirit   .   s - +0 chain mail
rPois   .          Reflect  .   (helmet restricted)
rElec   .          Harm     .   (no cloak)
rCorr   +          Rampage  .   x - +0 pair of gloves
Will    .....                   h - +1 pair of boots
Stlth   ..........              (no amulet)
HPRegen 0.24/turn               l - ring of resist corrosion
MPRegen 0.11/turn               (no ring)

@: heroic
A: horns 2, retaliatory headbutt
a: Renounce Religion, Heroism


You were on level 9 of the Dungeon.
You worshipped Okawaru.
Okawaru was most pleased with you.
You visited 2 branches of the dungeon, and saw 10 of its levels.

You collected 381 gold pieces.
You spent 36 gold pieces at shops.

Inventory:

Hand Weapons
 a - a +0 long sword (weapon)
Armour
 b - a +0 scale mail
 c - a +0 buckler (worn)
 h - a +1 pair of boots (worn)
 s - a +0 chain mail (worn)
 x - a +0 pair of gloves (worn)
Jewellery
 l - a ring of resist corrosion (left hand)
 o - a ring of fire
 y - an amulet of the acrobat
 A - an amulet of faith
Wands
 m - a wand of flame (24)
 r - a wand of digging (5)
 t - a wand of polymorph (9)
 z - a wand of acid (2)
Scrolls
 f - a scroll of acquirement
 k - 4 scrolls of teleportation
 n - a scroll of magic mapping {unknown}
 q - 2 scrolls of immolation
 w - 2 scrolls of amnesia {unknown}
 C - 5 scrolls of poison
 E - a scroll of fear {unknown}
 G - a scroll of noise {unknown}
 I - a scroll of brand weapon {unknown}
 J - a scroll of silence {unknown}
Potions
 d - 2 potions of might
 e - a potion of flight
 i - a potion of brilliance
 j - a potion of curing
 v - 2 potions of magic
 F - a potion of degeneration {unknown}
 H - 3 potions of cancellation {unknown}


   Skills:
 + Level 8.0(13.0) Fighting
 + Level 10.8(15.8) Long Blades
 + Level 10.1(15.1) Armour
 + Level 3.3(8.3) Dodging
 + Level 0.4(5.4) Stealth
 + Level 7.9(12.9) Shields
 + Level 1.6(6.6) Unarmed Combat
 + Level 0.8 Invocations
 + Level 0.3 Evocations


You had 9 spell levels left.
You didn't know any spells.
Your spell library was empty.

Dungeon Overview and Level Annotations

Branches:
Dungeon (9/15)             Temple (1/1) D:5
   Lair: D:8-11         Orc: D:9-12

Altars:
Ashenzari
Cheibriados
Dithmenos
Elyvilon
Fedhas
Gozag
Kikubaaqudgha
Makhleb
Nemelex Xobeh
Okawaru
Qazlal
Ru
Uskayaw
Wu Jian
Xom
Zin
The Shining One

Shops:
D:5 !


Innate Abilities, Weirdness & Mutations

You have a pair of horns on your head.
You reflexively headbutt those who attack you in melee.


Message History

The yak completely misses you. The troll closely misses you.
You block the troll's attack. The troll claws you!
* * * LOW HITPOINT WARNING * * *
You barely miss the troll. You hit the troll but do no damage.
You headbutt the troll, but do no damage.
The yak closely misses you. The troll closely misses you. The troll claws you.
* * * LOW HITPOINT WARNING * * *
You block the troll's attack.
Unknown command.
You hit the troll but do no damage. You block the yak's attack.
The troll bites you!
* * * LOW HITPOINT WARNING * * *
You block the troll's attack. The troll claws you but does no damage.
Unknown command.
The yak attacks as you move away! The yak barely misses you.
You furiously retaliate!
You headbutt the yak, but do no damage.
Found a stone staircase leading down.
As you read the scroll of teleportation, it crumbles to dust.
You feel strangely unstable. You block the yak's attack.
You feel better. The yak gores you but does no damage.
The yak attacks as you move away! You block the yak's attack.
The yak attacks as you move away! The yak gores you.
* * * LOW HITPOINT WARNING * * *
Your surroundings suddenly seem different.
A water moccasin and 2 acid dragons come into view.
Found 10 gold pieces.
Found two stone staircases leading up.
The water moccasin hisses angrily.
The acid dragon roars!
Unknown command.
You feel more confident with your borrowed prowess.
The acid dragon bites you!
* * * LOW HITPOINT WARNING * * *
The acid dragon claws you but does no damage.
You slash the acid dragon! You headbutt the acid dragon!
The acid dragon is severely wounded.
You block the water moccasin's attack.
You hit the acid dragon but do no damage.
The acid dragon is severely wounded.
The acid dragon bites you!
You die...

.
.#....<.......
. .............
.. ..........#.
... ..........
... .##.......#
.. #.........#
.. #.......#
#.# #....@D<#
...
$.....DS.....#
...
...##.....##...
.. . .........
# ..
..........#
............#
............#
............# .
..


You could see a water moccasin and 2 acid dragons.

Vanquished Creatures
  2 two-headed ogres (D:8)
  Grinder (D:3)
  2 hornets
  Sigmund (D:5)
  3 yaks (D:9)
  A steam dragon (D:4)
  A water moccasin (D:6)
  Duvessa (D:6)
  An ice beast (D:6)
  A black bear (D:4)
  3 sky beasts
  An ogre (D:4)
  2 centaurs
  A phantom (D:5)
  3 bullfrogs
  A necrophage (D:6)
  4 scorpions
  Dowan (D:6)
  2 howler monkeys (D:5)
  An orc priest (D:9)
  2 jellies
  4 hounds
  Terence (D:3)
  4 iguanas
  4 orc wizards
  12 gnolls
  7 adders
  A white imp (D:5)
  2 dart slugs
  8 orcs
  8 endoplasms
  3 giant cockroaches
  5 goblins
  7 hobgoblins
  6 kobolds
  3 quokkas
  10 ball pythons
  7 bats
  4 frilled lizards
  3 rats
134 creatures vanquished.

Vanquished Creatures (others)
  A goblin (D:4)
1 creature vanquished.

Grand Total: 135 creatures vanquished

Notes
Turn   | Place    | Note
-------+----------+-------------------------------------------
     0 | D:1      | Peloso the Minotaur Fighter began the quest for the Orb.
     0 | D:1      | Reached XP level 1. HP: 19/19 MP: 0/0
   103 | D:1      | Reached XP level 2. HP: 27/27 MP: 1/1
   816 | D:1      | Identified a scroll of acquirement
   915 | D:2      | Reached XP level 3. HP: 26/33 MP: 2/2
  1577 | D:3      | Found a faded altar of an unknown god.
  1632 | D:3      | Noticed Terence
  1646 | D:3      | Killed Terence
  1647 | D:3      | Reached XP level 4. HP: 26/40 MP: 3/3
  1785 | D:3      | Noticed Grinder
  1787 | D:3      | Paralysed by Grinder for 3 turns
  1807 | D:3      | Paralysed by Grinder for 4 turns
  1818 | D:3      | Paralysed by Grinder for 2 turns
  1846 | D:3      | Paralysed by Grinder for 4 turns
  1862 | D:3      | Killed Grinder
  1863 | D:3      | Reached skill level 5 in Long Blades
  1863 | D:3      | Reached skill level 5 in Armour
  1863 | D:3      | Reached skill level 1 in Dodging
  1863 | D:3      | Reached XP level 5. HP: 36/47 MP: 4/4
  1863 | D:3      | Reached XP level 6. HP: 41/53 MP: 5/5
  2382 | D:4      | Reached skill level 1 in Unarmed Combat
  2705 | D:4      | Reached skill level 5 in Fighting
  2705 | D:4      | Reached XP level 7. HP: 61/61 MP: 6/6
  2754 | D:4      | Noticed a steam dragon
  2762 | D:4      | Killed a steam dragon
  3328 | D:5      | Entered Level 5 of the Dungeon
  3500 | D:5      | Reached skill level 5 in Shields
  3547 | D:5      | Found a staircase to the Ecumenical Temple.
  3592 | Temple   | Entered the Ecumenical Temple
  3815 | Temple   | Became a worshipper of Warmaster Okawaru
  3887 | D:5      | Reached XP level 8. HP: 54/69 MP: 7/7
  4280 | D:5      | Noticed Sigmund
  4289 | D:5      | Killed Sigmund
  4387 | D:5      | Found Suazetaf's Distillery.
  4462 | D:5      | Reached * piety under Okawaru
  4492 | D:5      | Bought a potion of curing for 36 gold pieces
  5085 | D:6      | Found a shadowy altar of Dithmenos.
  5361 | D:6      | Noticed Duvessa
  5361 | D:6      | Noticed Dowan
  5368 | D:6      | Killed Dowan
  5382 | D:6      | Killed Duvessa
  5561 | D:6      | Reached XP level 9. HP: 60/78 MP: 8/8
  6017 | D:7      | Reached ** piety under Okawaru
  6026 | D:7      | Paralysed by a hornet for 2 turns
  7001 | D:8      | Noticed a two-headed ogre
  7010 | D:8      | Killed a two-headed ogre
  7011 | D:8      | Reached skill level 10 in Long Blades
  7037 | D:8      | Noticed a two-headed ogre
  7374 | D:8      | Killed a two-headed ogre
  7374 | D:8      | Reached *** piety under Okawaru
  7375 | D:8      | Reached XP level 10. HP: 84/88 MP: 6/9
  7439 | D:8      | Paralysed by a hornet for 3 turns
  7684 | D:8      | You fall into a shaft and drop 1 floor!
  7697 | D:9      | Identified the +5 scale mail "Centeubo" {-Cast rF+ rC+}
  7739 | D:9      | Reached skill level 10 in Armour
  7807 | D:9      | Slain by an acid dragon

Illustrated notes

Levels and vault maps discovered:
D:1:      shiori_shiawase, layout_basic
D:2:      layout_loops_ring
D:3:      layout_rooms, hellmonk_ecumenical_altar_blasted, skrybe_limestone_x,
          uniq_terence, uniq_grinder
D:4:      layout_loops_ring
D:5:      layout_layer_cave, minmay_temple_entry_glassed_door,
          serial_park_tiny_1, kennysheep_windowed_goal, uniq_sigmund
D:6:      layout_gridville, mainiacjoe_overflow_paths, uniq_duvessa
D:7:      layout_basic
D:8:      layout_loops_cross
D:9:      layout_rooms, erik_lair_island
Temple:   mainiacjoe_temple_circle_huts

Skill      XL: |  1  2  3  4  5  6  7  8  9 10 |
---------------+-------------------------------+-----
Fighting       | 4 5 6 7 8 |  8.0
Shields        | 4 5 6 7 |  7.9
Long Blades    | 3 5 7 9 10 | 10.8
Armour         | 4 5 6 7 9 10 | 10.1
Dodging        | 1 2 3 |  3.3
Unarmed Combat | 1 |  1.6
Stealth        | |  0.4
Invocations    | |  0.8
Evocations     | |  0.3

Action                   |  1- 3 |  4- 6 |  7- 9 | 10-12 || total
-------------------------+-------+-------+-------+-------++-------
Melee: Long sword        |    94 |    72 |   273 |    43 ||   482
       Headbutt          |     9 |     9 |    68 |    13 ||    99
       Unarmed           |       |    16 |       |       ||    16
Invok: Heroism           |       |       |     5 |     4 ||     9
Evoke: Wand              |       |       |     3 |       ||     3
  Use: Scroll            |     4 |     1 |     7 |     1 ||    13
       Potion            |       |       |     3 |     2 ||     5
Armor: Scale mail        |    50 |       |       |       ||    50
       Chain mail        |       |    32 |   146 |    22 ||   200
       Skin              |       |     2 |       |       ||     2
Dodge: Dodged            |    53 |    29 |    98 |    20 ||   200
Block: Buckler           |    29 |    12 |    75 |    20 ||   136
